 Dungeon Crawl Stone Soup version 0.30-a0-29-g142975f185 (webtiles) character file.

Game seed: 7864707819037228971

92 timneilson the Shield-Bearer (level 4, -8/29 HPs)
             Began as a Gargoyle Fighter on Aug 27, 2022.
             Killed by divine providence
             ... invoked by an orc priest
              (15 damage)
             ... on level 3 of the Dungeon.
             The game lasted 00:03:32 (1719 turns).

timneilson the Shield-Bearer (Gargoyle Fighter)     Turns: 1719, Time: 00:03:33

Health: -8/29      AC: 13    Str: 22    XL:     4   Next: 60%
Magic:  4/4        EV:  7    Int:  8    God:
Gold:   93         SH:  4    Dex:  9    Spells: 3/3 levels left

rFire   . . .      SeeInvis .    a - +0 long sword (flame)
rCold   . . .      Faith    .    c - +0 buckler
rNeg    + . .      Spirit   .    g - +0 chain mail
rPois   ∞          Reflect  .    (no helmet)
rElec   +          Harm     .    (no cloak)
rCorr   .          Rampage  .    (no gloves)
Will    .....                    (no boots)
Stlth   ..........               (no amulet)
HPRegen 0.09/turn                (no ring)
MPRegen 0.09/turn                (no ring)

@: mighty
A: sickness immunity, AC +3, negative energy resistance 1, electricity
resistance, torment resistance 1, petrification resistance
a: no special abilities


You were on level 3 of the Dungeon.
You visited 1 branch of the dungeon, and saw 3 of its levels.

You collected 93 gold pieces.

Inventory:

Hand Weapons
 a - a +0 long sword of flaming (weapon)
Armour
 c - a +0 buckler (worn)
 g - a +0 chain mail (worn)
Potions
 b - a potion of invisibility {unknown}
 d - a potion of might
 e - 3 potions of mutation {unknown}
 h - a potion of curing {unknown}


   Skills:
 + Level 3.6 Fighting
 * Level 2.5 Long Blades
 * Level 4.0 Armour
 + Level 0.9 Dodging
 * Level 4.1 Shields


You had 3 spell levels left.
You didn't know any spells.
Your spell library contained the following spells:

 Spells                   Type           Power      Damage    Failure   Level
 Confusing Touch          Hex            0%         N/A       100%        3
 Yara's Violent Unravell  Hex/Tmut       0%         3d3       100%        5
 Enfeeble                 Hex            0%         N/A       100%        7


Dungeon Overview and Level Annotations

Branches:
Dungeon (3/15)

Altars:

Shops:
D:2 !([*


Innate Abilities, Weirdness & Mutations

You are immune to sickness and miasma.
Your stone body is resilient. (AC +3)
You are immune to poison.
You resist negative energy. (rN+)
You are resistant to electric shocks. (rElec)
You are resistant to unholy torment.
You are immune to petrification.


Message History

Found 3 stones.
An orc comes into view. It is wielding a +0 hand axe.
The orc shouts!
You hear a shout! x2
An orc comes into view. It is wielding a +0 hand axe.
An orc priest comes into view. It is wielding a +0 falchion.
An orc comes into view. It is wielding a +0 war axe.
You hear a shout! x2 3 orcs come into view.
The orc shouts! x3
An orc priest comes into view. It is wielding a +0 club.
The orc moves out of view.
You feel very mighty all of a sudden.
You closely miss the orc priest.
The orc priest hits you but does no damage.
You hit the orc priest. You burn the orc priest.
The orc priest is heavily wounded.
The orc priest miscasts a cantrip.
The orc priest looks satisfied for a moment.
You closely miss the orc priest.
The orc priest is heavily wounded.
The orc priest hits you with a +0 falchion.
You hit the orc priest. You burn the orc priest.
The orc priest is severely wounded.
The orc priest mumbles some strange prayers to Beogh against you.
Beogh smites you! The orc priest completely misses you.
You completely miss the orc. You block the orc's attack.
You barely miss the orc. The orc hits you with a +0 war axe!
* * * LOW HITPOINT WARNING * * *
You closely miss the orc. The orc hits you with a +0 war axe.
* * * LOW HITPOINT WARNING * * *
The orc priest begins to cast a cantrip, but forgets the words!
The orc hits you but does no damage.
You slice the orc!! You burn the orc.
You kill the orc!
You slash the orc priest! You burn the orc priest.
You kill the orc priest!
The orc priest mumbles some strange prayers to Beogh against you.
Beogh smites you!
Ouch! That really hurt!
You die...

#(# #########.......#
....######
##.#..#....#
#.....###.......#..#
#................# #
#.#[###...#....#.#
#.#.##.#.# ##.##....#
# #......#..
..........
####.#.#.###..##.....#
#.#@#.# ..# .#.. #
#)#.. ...# # .oo.# ..


.ooo. ###...# ..... ...... ..##### You could see an orc priest and 4 orcs.

Vanquished Creatures
  An orc priest (D:3)
  4 adders (D:2)
  2 dart slugs
  An orc (D:3)
  4 bats
  7 endoplasms
  2 giant cockroaches (D:2)
  3 goblins
  6 hobgoblins
  4 kobolds
  2 quokkas
  7 ball pythons
  2 frilled lizards (D:2)
  4 rats (D:1)
49 creatures vanquished.

Notes
Turn   | Place    | Note
-------+----------+-------------------------------------------
     0 | D:1      | timneilson the Gargoyle Fighter began the quest for the
                  | Orb.
     0 | D:1      | Reached XP level 1. HP: 14/14 MP: 1/1
   261 | D:1      | Reached XP level 2. HP: 19/19 MP: 2/2
   545 | D:1      | Found a faded altar of an unknown god.
   827 | D:1      | Reached XP level 3. HP: 23/23 MP: 3/3
  1151 | D:2      | Found Olorghec's Antique Weapon Shoppe.
  1160 | D:2      | Found Yfubil's Antique Armour Shop.
  1258 | D:2      | Found Veuqayv's Distillery.
  1270 | D:2      | Reached XP level 4. HP: 25/28 MP: 4/4
  1344 | D:2      | Found Lill's General Store.
  1719 | D:3      | Killed from afar by an orc priest

Illustrated notes

Levels and vault maps discovered:
D:1:      denvon_arrival_planthouse, layout_basic,
          ebering_ecumenical_altar_petrified
D:2:      layout_basic, serial_shops, shop_fountains, shop, shop, shop
D:3:      layout_loops_ring, serial_shops, shop, uniq_grinder

Skill      XL: |  1  2  3  4 |
---------------+-------------+-----
Long Blades    | 2 |  2.5
Shields        | 4 |  4.1
Armour         | 4 |  4.0
Fighting       | |  3.6
Dodging        | |  0.9

Action                   |  1- 3 |  4- 6 || total
-------------------------+-------+-------++-------
Melee: Long sword        |   127 |    38 ||   165
  Use: Scroll            |     2 |     2 ||     4
       Potion            |       |     1 ||     1
Armor: Scale mail        |    40 |       ||    40
       Chain mail        |    46 |    20 ||    66
Dodge: Dodged            |    51 |    10 ||    61
Block: Buckler           |    28 |     3 ||    31

Table legend: (Time is in decaauts)
 A = Elapsed time spent in this place.
 B = Non-inter-level travel time spent in this place.
 C = Inter-level travel time spent in this place.
 D = Time resting spent in this place.
 E = Time spent auto-exploring this place.
 F = Levels seen in this place.
 G = Mean time per level.
                   A        B        C        D        E       F      G
               +--------+--------+--------+--------+--------+-----+--------+
         Total |   1772 |   1721 |     51 |      0 |   1292 |   3 |  590.7 |
       Dungeon |   1772 |   1721 |     51 |      0 |   1292 |   3 |  590.7 |
               +--------+--------+--------+--------+--------+-----+--------+

Top non-repeatable levels by time:
     D:1: 1082 daAuts
     D:2: 655 daAuts
     D:3: 35 daAuts
